 Dungeon Crawl Stone Soup version 0.28.0-45-g0d030f2227 (webtiles) character file.

Game seed: 136299029265653277

201 Bruhh the Ogre Mage (level 5, 0/45 HPs)
             Began as an Ogre Summoner on Apr 22, 2022.
             Slain by a killer bee (7 damage)
             ... on level 4 of the Dungeon.
             The game lasted 00:11:16 (4810 turns).

Bruhh the Ogre Mage (Ogre Summoner)                 Turns: 4810, Time: 00:11:20

Health: 0/45       AC:  3    Str: 12    XL:     5   Next: 79%
Magic:  14/14      EV:  9    Int: 18    God:
Gold:   165        SH:  0    Dex:  9    Spells: 14/17 levels left

rFire   . . .      SeeInvis .   e - +0 great sword (holy)
rCold   . . .      Faith    .   (shield currently unavailable)
rNeg    . . .      Spirit   .   a - +0 robe
rPois   .          Reflect  .   (helmet restricted)
rElec   .          Harm     .   (no cloak)
rCorr   .          Rampage  .   (gloves unavailable)
Will    .....                   (boots unavailable)
Stlth   +.........              (no amulet)
HPRegen 0.15/turn               (no ring)
MPRegen 0.14/turn               (no ring)

@: lethally poisoned (0 -> -6)
A: large, unfitting armour, tough skin 1
a: no special abilities


You were on level 4 of the Dungeon.
You visited 1 branch of the dungeon, and saw 5 of its levels.

You collected 165 gold pieces.

Inventory:

Hand Weapons
 c - a +0 spear
 e - a +0 great sword of holy wrath (weapon)
Missiles
 n - a throwing net
Armour
 a - a +0 robe (worn)
Jewellery
 l - a ring of protection from cold
Scrolls
 b - a scroll of identify {unknown}
 d - a scroll of vulnerability {unknown}
 f - 3 scrolls of amnesia {unknown}
 g - 2 scrolls of teleportation {unknown}
 i - a scroll of holy word {unknown}
 j - 2 scrolls of noise {unknown}
 k - 2 scrolls of torment {unknown}
Potions
 m - a potion of degeneration {unknown}
 o - a potion of mutation {unknown}
 p - a potion of haste {unknown}


   Skills:
 - Level 1.7 Dodging
 - Level 1.4 Stealth
 + Level 6.5 Spellcasting
 - Level 3.6 Summonings


You had 14 spell levels left.
You knew the following spells:

 Your Spells              Type           Power      Damage    Failure   Level
a - Summon Small Mammal   Summ           72%        N/A       2%          1
b - Call Imp              Summ           18%        N/A       4%          2

Your spell library contained the following spells:

 Spells                   Type           Power      Damage    Failure   Level
 Call Canine Familiar     Summ           18%        N/A       8%          3
 Summon Guardian Golem    Hex/Summ       12%        N/A       16%         3
 Summon Lightning Spire   Summ/Air       12%        N/A       47%         4


Dungeon Overview and Level Annotations

Branches:
Dungeon (5/15)
 Temple: D:4-7

Altars:

Shops:
D:1 (


Innate Abilities, Weirdness & Mutations

You are too large for most types of armour.
You have tough skin. (AC +1)


Message History

Done exploring.
Done exploring.
Done exploring.
There is an escape hatch in the floor here.
You slide downwards.
The hatch slams shut behind you.
As you open the door, it creaks loudly! 5 killer bees come into view.
The killer bee buzzes angrily. x5
There are monsters nearby!
The killer bee stings you!
The killer bee stings you but does no damage. x2
There is a stone staircase leading down here.
The killer bee stings you. The killer bee stings you! x2
You climb downwards.
There is a stone staircase leading up here.
The killer bee stings you.
You are poisoned.
The killer bee poisons you! The killer bee stings you.
The killer bee barely misses you. x2
You climb upwards.
You feel very sick. The killer bee stings you.
* * * LOW HITPOINT WARNING * * *
The killer bee stings you!
* * * LOW HITPOINT WARNING * * *
You are more poisoned.
The killer bee poisons you! The killer bee stings you.
* * * LOW HITPOINT WARNING * * *
The killer bee closely misses you.
The killer bee stings you but does no damage.
The killer bee misses you.
There is a stone staircase leading down, spattered with blood here.
It was a potion of curing.
You feel better. The killer bee closely misses you.
The killer bee barely misses you. The killer bee stings you.
* * * LOW HITPOINT WARNING * * *
You are poisoned.
The killer bee poisons you!
The killer bee stings you but does no damage.
The killer bee stings you!
You die...

...# #.##.#....# ...#
######.#.......# ...+
#...........#..# ...#
####.##.#....#..# ...####
#.....#.#..#.#..# ...#....
#.##..#.#.......# ####.....
#.##..#.##...#.##
####......##.##yyy....#.#.#
...+......'....y@#...##.# .
####......######y#...##.#
#. ..... #.##...... .# ....
#.##.###>. # ### #.##. ..#.
#.# .## #.. ###


You could see 5 killer bees.

Vanquished Creatures
  A centaur skeleton (D:4)
  A dart slug (D:2)
  2 orcs
  2 endoplasms
  3 giant cockroaches
  5 goblins
  3 hobgoblins
  A jackal (D:1)
  2 quokkas
  A ball python (D:2)
  3 bats
  2 frilled lizards
  A kobold (D:1)
  4 rats
31 creatures vanquished.

Vanquished Creatures (collateral kills)
  A howler monkey (D:3)
  A jelly (D:3)
  3 adders
  A dart slug (D:1)
  4 orcs
  3 bats
  3 endoplasms
  A goblin (D:2)
  2 hobgoblins (D:1)
  2 jackals (D:1)
  2 quokkas
  4 ball pythons
  A frilled lizard (D:1)
  7 kobolds
  4 rats
39 creatures vanquished.

Vanquished Creatures (others)
  A demonic plant (D:2)
1 creature vanquished.

Grand Total: 71 creatures vanquished

Notes
Turn   | Place    | Note
-------+----------+-------------------------------------------
     0 | D:1      | Bruhh the Ogre Summoner began the quest for the Orb.
     0 | D:1      | Reached XP level 1. HP: 16/16 MP: 3/3
   212 | D:1      | Reached skill level 3 in Spellcasting
   338 | D:1      | Reached XP level 2. HP: 24/24 MP: 3/6
   516 | D:1      | Found Evoufod's Weapon Shoppe.
   843 | D:1      | Reached XP level 3. HP: 31/31 MP: 5/8
   853 | D:1      | Reached skill level 4 in Spellcasting
  1489 | D:2      | Found a faded altar of an unknown god.
  1903 | D:2      | Learned a level 2 spell: Call Imp
  2099 | D:2      | Reached XP level 4. HP: 21/39 MP: 5/10
  2748 | D:3      | You fall into a shaft and drop 2 floors!
  2748 | D:5      | Entered Level 5 of the Dungeon
  2786 | D:5      | Reached skill level 5 in Spellcasting
  2839 | D:5      | Noticed a black bear
  3500 | D:3      | Reached XP level 5. HP: 36/45 MP: 9/13
  3513 | D:3      | HP: 2/45 [orc/+0 flail (9)]
  4021 | D:3      | Identified the +0 pair of boots of the Teacher {rElec Will-
                  | Int-2 Slay+5}
  4344 | D:3      | Reached skill level 6 in Spellcasting
  4809 | D:4      | HP: 1/45 [killer bee (4)]
  4810 | D:4      | Slain by a killer bee

Illustrated notes

Levels and vault maps discovered:
D:1:      lightli_arrival_lavapool, layout_rooms, serial_shops,
          nicolae_shop_waterfront
D:2:      layout_basic, dreamdust_ecumenical_altar_sealed_demon,
          kennysheep_big_empty_room, minmay_randomly_rotated_circles
D:3:      layout_basic
D:4:      layout_basic, lemuel_mausoleum_altar_kikubaaqudgha
D:5:      layout_loops_ring, item_on_display_a

Skill      XL: |  1  2  3  4  5 |
---------------+----------------+-----
Spellcasting   | 3 4 5 6 |  6.5
Dodging        | |  1.7
Stealth        | |  1.4
Summonings     | |  3.6

Action                   |  1- 3 |  4- 6 || total
-------------------------+-------+-------++-------
Melee: Unarmed           |     3 |       ||     3
       Spear             |    20 |       ||    20
       Great sword       |    86 |    37 ||   123
 Cast: Summon Small Mamm |    44 |    27 ||    71
       Call Imp          |     1 |    15 ||    16
  Use: Potion            |       |     1 ||     1
 Stab: Sleeping          |       |     1 ||     1
Armor: Robe              |    76 |    20 ||    96
Dodge: Dodged            |    96 |    34 ||   130
